 Dungeon Crawl Stone Soup version 0.19-a0-1260-gc94d3f7 (webtiles) character file.

206 epen the Poker (level 5, -17/43 HPs)
             Began as a Merfolk Monk on Aug 28, 2016.
             Was a Believer of Okawaru.
             Demolished by an ogre
             ... wielding a +0 giant club
              (20 damage)
             ... on level 3 of the Dungeon.
             The game lasted 00:04:13 (3821 turns).

epen the Poker (Merfolk Monk)                       Turns: 3821, Time: 00:04:14

Health: -17/43     AC:  8    Str: 12    XL:     5   Next: 84%
Magic:  6/6        EV: 11    Int: 10    God:    Okawaru [**....]
Gold:   130        SH:  0    Dex: 16    Spells: 0 memorised, 4 levels left

rFire  + + .     SeeInvis .     a - +0 spear
rCold  x . .     Gourm    .     q - +0 fire dragon armour
rNeg   . . .     Faith    .     (no shield)
rPois  .         Spirit   .     (no helmet)
rElec  .         Dismiss  .     (no cloak)
rCorr  .         Reflect  .     (no gloves)
MR     +....     Harm     .     (no boots)
Stlth  ..........               (no amulet)
                                (no ring)
                                e - ring of protection from magic

@: no status effects
A: change form in water, swift swim, stealthy swim
a: Heroism, Renounce Religion


You were on level 3 of the Dungeon.
You worshipped Okawaru.
Okawaru was pleased with you.
You were not hungry.

You visited 1 branch of the dungeon, and saw 5 of its levels.

You collected 130 gold pieces.

Inventory:

Hand Weapons
 a - a +0 spear (weapon)
Armour
 b - a +0 robe
 q - a +0 fire dragon armour (worn)
Jewellery
 e - a ring of protection from magic (left hand)
Wands
 s - a wand of flame (25/48)
Scrolls
 d - a scroll of blinking
 f - 2 scrolls of amnesia
 h - 2 scrolls of identify
 o - a scroll of noise {unknown}
 p - a scroll of immolation {unknown}
 t - a scroll of remove curse {unknown}
 u - a scroll of enchant armour
Potions
 g - a potion of resistance {unknown}
 j - a potion of agility {unknown}
 n - a potion of flight
 r - a potion of might {unknown}
 v - a potion of cure mutation {unknown}
Comestibles
 c - 2 bread rations
 i - 4 fruits
 k - 2 chunks of flesh
 l - 3 slices of pizza
 m - a meat ration


   Skills:
 + Level 4.5 Fighting
 + Level 5.3 Polearms
 * Level 1.8 Armour
 + Level 5.1 Dodging
 - Level 2.1 Stealth
 * Level 1.9 Invocations


You had 4 spell levels left.
You didn't know any spells.

Dungeon Overview and Level Annotations

Branches:
Dungeon (5/15)
 Temple: D:4-7

Altars:
Ashenzari
Okawaru

Annotations:
D:3 epen's ghost, amateur MfMo


Message History

The ogre misses you.
You hit the ogre.
The ogre is heavily wounded.
You hit the ogre.
The ogre is severely wounded.
The ogre closely misses you.
You hit the ogre.
The ogre is severely wounded.
The ogre hits you with a giant club!!
Ouch! That really hurt!
* * * LOW HITPOINT WARNING * * *
You are too injured to fight recklessly!
You are too injured to fight recklessly!
You are too injured to fight recklessly!
You hit the ogre.
The ogre is almost dead.
You barely miss the ogre.
The ogre is almost dead.
The ogre hits you with a giant club!!
You die...

.....'....####.....# #........#
.§.§.'..#....##...####...######
≈§§§≈##.#...............##
≈≈§§≈##.......##.########
≈≈≈≈§####....###.#
§§≈§#####.#.## #.#
≈§≈##...[.### #.# §§#########
#.# ≈## #@# ####### ## ####O###
#.....# #......########.....#
#.##.#..............#
###.##.#.###.###......#
.........###.# #......#
##..........# #.##.###
#.#....#######.##.### #.##.#.#
#.......#


You could see an ogre.

Vanquished Creatures
  2 orc priests (D:4)
  4 gnolls (D:5)
  5 adders
  A dart slug (D:1)
  2 worms (D:2)
  2 giant geckos (D:1)
  4 orcs
  7 bats
  2 giant cockroaches
  2 goblins
  6 hobgoblins
  2 jackals (D:1)
  3 quokkas
  3 ball pythons
  4 giant newts
  2 kobolds
  6 rats
57 creatures vanquished.

Notes
Turn   | Place    | Note
-------+----------+-------------------------------------------
     0 | D:1      | epen the Merfolk Monk began the quest for the Orb.
     0 | D:1      | Reached XP level 1. HP: 18/18 MP: 1/1
   165 | D:1      | Reached XP level 2. HP: 24/24 MP: 2/2
   886 | D:1      | Reached XP level 3. HP: 30/30 MP: 3/3
  1163 | D:2      | Reached skill level 1 in Armour
  1829 | D:2      | Found a shattered altar of Ashenzari.
  2003 | D:2      | Found an iron altar of Okawaru.
  2191 | D:2      | Became a worshipper of Warmaster Okawaru
  2191 | D:2      | Reached * piety under Okawaru
  2191 | D:2      | Reached ** piety under Okawaru
  2292 | D:3      | Reached XP level 4. HP: 29/37 MP: 4/4
  2694 | D:3      | Noticed epen's ghost (amateur MfMo)
  3280 | D:3      | You fall through a shaft for 2 floors!
  3280 | D:5      | Entered Level 5 of the Dungeon
  3331 | D:5      | Reached skill level 1 in Invocations
  3353 | D:5      | Reached skill level 5 in Polearms
  3353 | D:5      | Reached XP level 5. HP: 20/43 MP: 3/5
  3550 | D:4      | Reached skill level 5 in Dodging
  3809 | D:3      | Noticed an ogre
  3821 | D:3      | Demolished by an ogre

Vault maps used:
D:1:      shiori_arrival_elements
D:2:      marbit_many_paths, lemuel_coloured_pillars_altar
D:3:      kennysheep_big_flooded_room, minmay_misc_feat_five, uniq_sigmund
D:4:      nicolae_overflow_hidden_temple, serial_co_window_serial,
          co_window_of_opportunity_a, co_window_paths_a, co_window_cross_1,
          co_window_corner_a, co_window_paths_a, co_window_paths_b,
          co_window_broadway_c, co_window_cross_2, co_window_corner_b,
          co_window_cross_2, co_window_unsneaky_path_a, co_window_corner_b,
          co_window_2corner, glass_columns_a, glass_columns_a, glass_columns_a,
          corexii_leaking_fountain
D:5:      grunt_temple_overflow_open, first_bread

Skill      XL: |  1  2  3  4  5 |
---------------+----------------+-----
Armour         | 1 |  1.8
Fighting       | 4 |  4.5
Invocations    | 1 |  1.9
Polearms       | 5 |  5.3
Dodging        | 5 |  5.1
Stealth        | |  2.1

Action                   |  1- 3 |  4- 6 || total
-------------------------+-------+-------++-------
Melee: Spear             |   138 |   154 ||   292
Invok: Heroism           |       |     2 ||     2
  Use: Scroll            |       |     5 ||     5
 Stab: Sleeping          |    11 |     1 ||    12
  Eat: Chunk             |     3 |     6 ||     9
Armor: Robe              |     5 |     3 ||     8
       Fire dragon armou |       |    21 ||    21
Dodge: Dodged            |    59 |    61 ||   120
